 Dungeon Crawl Stone Soup version 0.24.0-125-gc4c63601f3 (webtiles) character file.

Game seed: 11274148328308842524, levelgen mode: deterministic

16972 Frank2 the Basher (level 12, 0/91 HPs)
             Began as a Demonspawn Gladiator on Mar 14, 2020.
             Was a High Priest of Makhleb.
             Slain by a manticore (8 damage)
             ... on level 12 of the Dungeon.
             The game lasted 00:22:10 (12272 turns).

Frank2 the Basher (Demonspawn Gladiator)           Turns: 12272, Time: 00:22:11

Health: 0/91       AC: 16    Str: 16    XL:     12   Next: 14%
Magic:  0/17       EV:  9    Int: 10    God:    Makhleb [*****.]
Gold:   469        SH:  0    Dex: 18    Spells: 11/11 levels left

rFire    . . .     SeeInvis +   l - +4 flail
rCold    . . .     Gourm    .   (no shield)
rNeg     . . .     Faith    .   p - +1 plate armour
rPois    .         Spirit   +   A - +0 hat {MR+}
rElec    .         Reflect  .   (no cloak)
rCorr    .         Harm     .   r - +0 pair of gloves
MR       ++...                  (no boots)
Stlth    ..........             (no amulet)
HPRegen  0.25/turn              (no ring)
MPRegen  0.30/turn              (no ring)

@: no status effects
A: horns 1, see invisible, magic resistance 1, powered by death 1, magic shield,
magic regeneration, sturdy frame 1
a: Minor Destruction, Lesser Servant of Makhleb, Major Destruction, Greater
Servant of Makhleb, Renounce Religion


You were on level 12 of the Dungeon.
You worshipped Makhleb.
Makhleb was extremely pleased with you.
You were very hungry.

You visited 1 branch of the dungeon, and saw 12 of its levels.
You also visited: Ossuary.

You collected 469 gold pieces.

Inventory:

Hand Weapons
 l - a +4 flail (weapon)
Armour
 p - a +1 plate armour (worn)
 r - a +0 pair of gloves (worn)
 A - a +0 hat of magic resistance (worn)
Wands
 q - a wand of flame (43)
 y - a wand of iceblast (9)
Scrolls
 b - a scroll of remove curse
 w - 3 scrolls of identify
 D - 2 scrolls of teleportation
Potions
 c - 4 potions of mutation
 e - 3 potions of heal wounds
 h - 7 potions of curing
 j - 2 potions of ambrosia
 n - 2 potions of cancellation
 o - 5 potions of lignification {unknown}
 t - 2 potions of berserk rage {unknown}
 v - 2 potions of flight {unknown}
 x - 2 potions of haste {unknown}
Miscellaneous
 a - a lamp of fire
Comestibles
 f - 23 rations


   Skills:
 + Level 7.4 Fighting
 + Level 11.4 Maces & Flails
 - Level 1.7 Throwing
 * Level 9.6 Armour
 + Level 4.6 Dodging
 * Level 7.9 Invocations
 * Level 6.3 Evocations


You had 11 spell levels left.
You didn't know any spells.
Your spell library contained the following spells:

 Spells                   Type           Power        Failure   Level  Hunger
 Beastly Appendage        Tmut           #.....       99%         1    ##.....
 Confusing Touch          Hex            #.....       99%         1    ##.....
 Freeze                   Ice            #...         99%         1    ##.....
 Sticks to Snakes         Tmut           #.......     100%        2    ###....
 Throw Frost              Conj/Ice       #.....       100%        2    ###....
 Confuse                  Hex            #.......     100%        3    ####...
 Gell's Gravitas          Tloc           #.........   100%        3    ####...
 Ozocubu's Armour         Chrm/Ice       #.......     100%        3    ####...
 Spider Form              Tmut/Pois      #.........   100%        3    ####...
 Ice Form                 Ice/Tmut       #.......     100%        4    #####..
 Petrify                  Tmut/Erth      #.......     100%        4    #####..
 Summon Ice Beast         Ice/Summ       #.......     100%        4    #####..
 Throw Icicle             Conj/Ice       #.......     100%        4    #####..
 Blade Hands              Tmut           #.........   100%        5    ######.
 Metabolic Englaciation   Hex/Ice        #.........   100%        5    ######.
 Yara's Violent Unravell  Hex/Tmut       #.........   100%        5    ######.


Dungeon Overview and Level Annotations

Branches:
Dungeon (12/15)            Temple (0/1) D:6            Lair (0/6) D:11
    Orc (0/2) D:11        Ossuary (visited)

Altars:
Cheibriados
Hepliaklqana
Makhleb
Trog
Uskayaw
Vehumet
Yredelemnul
The Shining One

Shops:
D:8 :   D:9 ((


Innate Abilities, Weirdness & Mutations

You have a pair of small horns on your head.
You regenerate a little health from kills.
When hurt, damage is shared between your health and your magic reserves.
You regenerate magic rapidly.
Your movements are slightly less encumbered by armour. (ER -2)
You have supernaturally acute eyesight. (SInv)
You are resistant to hostile enchantments. (MR+)


Message History

The manticore claws you but does no damage. x2
You hit the manticore.
The manticore is severely wounded.
You are feeling very hungry.
The manticore bites you. The manticore claws you.
* * * LOW HITPOINT WARNING * * *
The manticore barely misses you.
Unknown command.
You thump the manticore!
The manticore is almost dead.
The manticore bites you!
* * * LOW HITPOINT WARNING * * *
The manticore claws you.
* * * LOW HITPOINT WARNING * * *
The manticore claws you.
* * * LOW HITPOINT WARNING * * *
You hit the manticore but do no damage. You headbutt the manticore.
The manticore is almost dead.
The manticore bites you!
You die...

#.. ##.. ..$
###.. ....
#.. #
#..####..###
#..@<.......
##H#####.###
#D #. #. #.
.. #.


You could see a manticore and a steam dragon.

Vanquished Creatures
  Gastronok (D:9)
  2 hydras (D:11)
  Erolcha (D:10)
  A wizard (D:11)
  Pikel (D:9)
  A cyclops (D:11)
  An elephant (D:11)
  A gargoyle (D:10)
  3 polar bears (D:11)
  3 hippogriffs
  2 wyverns
  A water elemental (D:11)
  A wraith (D:11)
  10 yaks
  4 hogs (D:9)
  A hungry ghost (D:10)
  A human (D:9)
  A vampire mosquito (D:11)
  4 wargs (D:11)
  5 ice beasts
  6 ogres
  5 orc warriors
  A slave (D:9)
  A phantom (D:6)
  A black bear (D:9)
  11 centaurs
  3 crocodiles
  A big kobold (D:11)
  6 bullfrogs
  2 wyvern skeletons
  2 scorpions
  A water moccasin skeleton (D:5)
  8 killer bees
  15 wights
  An electric eel (D:11)
  4 crimson imps
  6 bullfrog zombies
  A quasit (D:8)
  2 centaur zombies (Ossuary)
  2 jellies
  9 orc priests
  3 centaur skeletons
  4 hounds
  10 orc wizards
  A bullfrog skeleton (D:11)
  16 mummies (Ossuary)
  3 worker ants
  2 iguanas
  2 killer bee zombies (Ossuary)
  2 bullfrog simulacra (D:11)
  A centaur simulacrum (D:11)
  2 hound skeletons
  A howler monkey zombie (Ossuary)
  2 worker ant zombies (Ossuary)
  7 gnolls
  2 howler monkey skeletons
  20 adders
  A hound simulacrum (D:11)
  2 shadow imps
  13 white imps (D:11)
  2 oozes
  2 adder zombies (Ossuary)
  A worm (D:4)
  2 dart slugs (D:1)
  7 leopard geckos
  43 orcs
  9 giant cockroaches
  2 gnoll zombies (D:3)
  3 goblins
  5 hobgoblins
  4 jackals (D:1)
  6 quokkas
  2 ball pythons
  A ball python zombie (Ossuary)
  7 bats
  3 frilled lizards
  14 kobolds
  A quokka zombie (Ossuary)
  10 rats
351 creatures vanquished.

Vanquished Creatures (others)
  An adder (D:9)
1 creature vanquished.

Grand Total: 352 creatures vanquished

Notes
Turn   | Place    | Note
-------+----------+-------------------------------------------
     0 | D:1      | Frank2 the Demonspawn Gladiator began the quest for the
                  | Orb.
     0 | D:1      | Reached XP level 1. HP: 16/16 MP: 1/1
    53 | D:1      | Reached skill level 3 in Maces & Flails
    53 | D:1      | Gained mutation: Your movements are slightly less
                  | encumbered by armour. (ER -2) [demonic ancestry]
    53 | D:1      | Reached XP level 2. HP: 20/22 MP: 2/2
   510 | D:1      | Reached XP level 3. HP: 27/27 MP: 3/3
   803 | D:2      | Reached skill level 4 in Maces & Flails
   808 | D:2      | Reached XP level 4. HP: 14/33 MP: 4/4
  1751 | D:3      | Found a basalt altar of Yredelemnul.
  1763 | D:3      | Reached skill level 1 in Armour
  1763 | D:3      | Gained mutation: You regenerate a little health from kills.
                  | [demonic ancestry]
  1763 | D:3      | Reached XP level 5. HP: 38/39 MP: 5/5
  1790 | D:3      | Noticed an ogre
  1799 | D:3      | Killed an ogre
  1799 | D:3      | Reached skill level 5 in Maces & Flails
  2061 | D:3      | Found a hazy altar of Hepliaklqana.
  2071 | D:3      | Found a radiant altar of Vehumet.
  2268 | D:3      | Reached XP level 6. HP: 41/46 MP: 6/6
  3035 | D:5      | Entered Level 5 of the Dungeon
  3044 | D:5      | Gained mutation: When hurt, damage is shared between your
                  | health and your magic reserves. [demonic ancestry]
  3044 | D:5      | Reached XP level 7. HP: 48/52 MP: 7/7
  3058 | D:5      | Reached skill level 6 in Maces & Flails
  3100 | D:5      | Found a snail-covered altar of Cheibriados.
  3156 | D:5      | Found a burning altar of Makhleb.
  3233 | D:5      | Became a worshipper of Makhleb the Destroyer
  3872 | D:5      | Found a hide-covered altar of Uskayaw.
  3977 | D:6      | Gained mutation: You have a pair of small horns on your
                  | head. [demonic ancestry]
  3977 | D:6      | Reached XP level 8. HP: 47/60 MP: 5/8
  3982 | D:6      | Reached * piety under Makhleb
  4014 | D:6      | Reached skill level 7 in Maces & Flails
  4318 | D:6      | Found a staircase to the Ecumenical Temple.
  4393 | D:6      | HP: 2/60 [wight/cursed +2 great sword of freezing (4)]
  4703 | D:5      | Reached skill level 1 in Invocations
  4898 | D:6      | Reached skill level 1 in Evocations
  5406 | D:6      | Found a glowing golden altar of the Shining One.
  5672 | D:7      | Reached ** piety under Makhleb
  5679 | D:7      | Reached skill level 5 in Armour
  5955 | D:7      | Gained mutation: You regenerate magic rapidly. [demonic
                  | ancestry]
  5955 | D:7      | Reached XP level 9. HP: 66/66 MP: 10/10
  6055 | D:7      | Reached skill level 8 in Maces & Flails
  6136 | D:7      | Found a sand-covered staircase.
  6145 | Ossuary  | Entered an ossuary
  6160 | Ossuary  | Reached skill level 5 in Fighting
  6264 | Ossuary  | Reached *** piety under Makhleb
  6586 | D:7      | Noticed a moth of wrath
  6589 | D:7      | Found a bloodstained altar of Trog.
  6829 | D:8      | Reached skill level 9 in Maces & Flails
  7111 | D:8      | Reached **** piety under Makhleb
  7170 | D:8      | Reached XP level 10. HP: 65/74 MP: 13/13
  7477 | D:8      | Found Novotov's Book Shoppe.
  8062 | D:9      | Found Lalled's Weapon Emporium.
  8218 | D:9      | Reached skill level 5 in Invocations
  8344 | D:9      | Noticed Gastronok
  8366 | D:9      | Killed Gastronok
  8366 | D:9      | Reached skill level 10 in Maces & Flails
  8366 | D:9      | Reached XP level 11. HP: 40/81 MP: 6/15
  8585 | D:9      | Noticed Pikel
  8609 | D:9      | HP: 3/81 [Pikel/+0 whip of electrocution (13)]
  8610 | D:9      | Killed Pikel
  8918 | D:9      | Found Nasu's Weapon Shoppe.
  9186 | D:9      | Reached skill level 5 in Evocations
  9338 | D:10     | Entered Level 10 of the Dungeon
  9918 | D:10     | Noticed Erolcha
  9939 | D:10     | Killed Erolcha
 10517 | D:11     | Found a frozen archway.
 10531 | D:11     | Reached ***** piety under Makhleb
 10591 | D:11     | Noticed a five-headed hydra
 10609 | D:11     | Killed a five-headed hydra
 10738 | D:11     | Gained mutation: You have supernaturally acute eyesight.
                  | (SInv) [potion of mutation]
 10738 | D:11     | Gained mutation: You are resistant to hostile enchantments.
                  | (MR+) [potion of mutation]
 10755 | D:11     | Reached skill level 11 in Maces & Flails
 10766 | D:11     | Found a staircase to the Orcish Mines.
 10850 | D:11     | Noticed a wizard
 10875 | D:11     | Killed a wizard
 11464 | D:11     | Found a staircase to the Lair.
 11489 | D:11     | Reached XP level 12. HP: 73/91 MP: 13/17
 11510 | D:11     | Noticed a five-headed hydra
 11522 | D:11     | Killed a five-headed hydra
 12272 | D:12     | Slain by a manticore

Levels and vault maps discovered:
D:1:      saegor_arrival_simple_e, layout_loops_ring
D:2:      layout_loops_ring, minivault_23
D:3:      layout_basic, amethyst_overflow_temple_binary,
          lemuel_zombie_altar_yredelemnul, first_ration
D:4:      layout_cave_pools
D:5:      layout_basic, lightli_temple_of_fire, lemuel_doored_altar, basic_altar
D:6:      cheibrodos_helix_gallery, layout_cave_pools, marbit_many_paths,
          minmay_temple_entry_gardened_gates
D:7:      layout_cave_pools, tgw_trog, enter_ossuary_2
D:8:      layout_loops_ring, serial_co_window_serial, co_window_corner_a,
          co_window_paths_a, co_window_of_opportunity_a, co_window_paths_b,
          co_window_paths_b, co_window_paths_a, co_window_of_opportunity_a,
          co_window_broadway_c, co_window_unsneaky_path_e, co_window_broadway_b,
          co_window_broadway_c, co_window_broadway_c,
          co_window_of_opportunity_c, co_window_broadway_b, co_window_paths_e,
          glass_columns_c, glass_columns_b, glass_columns_c, serial_shops, shop
D:9:      layout_basic, serial_shops, kennysheep_mini_moat,
          nicolae_shop_crystal, grunt_livestock, uniq_pikel, uniq_gastronok
D:10:     layout_grid_maze, uniq_erolcha
D:11:     layout_basic, david_lair_generic, minmay_orc_entry_guard_dogs,
          serial_ice, serial_ice_j, serial_ice_a, serial_ice_o, serial_ice_h,
          portal_ice_cave_entry_imps, kennysheep_decorative_pillar,
          small_chamber_with_monster, grunt_decor_cap
D:12:     layout_loops_ring, basic_altar, nicolae_trove_entry_crystal,
          uniq_fannar

Skill      XL: |  1  2  3  4  5  6  7  8  9 10 11 |
---------------+----------------------------------+-----
Dodging        | 3 4 |  4.6
Maces & Flails | 3 4 5 6 7 9 10 11 | 11.4
Armour         | 1 2 3 5 6 8 9 |  9.6
Fighting       | 3 4 5 6 7 |  7.4
Invocations    | 2 4 5 7 |  7.9
Evocations     | 2 3 4 6 |  6.3
Throwing       | |  1.7

Action                   |  1- 3 |  4- 6 |  7- 9 | 10-12 || total
-------------------------+-------+-------+-------+-------++-------
Melee: Flail             |    86 |   192 |   575 |   773 ||  1626
       Headbutt          |       |       |   104 |   182 ||   286
Throw: Throwing net      |       |     1 |     3 |     3 ||     7
  Use: Scroll            |     5 |    11 |     9 |     3 ||    28
       Potion            |     1 |       |     5 |     5 ||    11
 Stab: Sleeping          |     2 |       |       |       ||     2
       Held in net/web   |       |     2 |     2 |     7 ||    11
       Invisible         |       |       |       |     5 ||     5
  Eat: Chunk             |       |     7 |    11 |    13 ||    31
       Ration            |       |       |     1 |     2 ||     3
Armor: Leather armour    |    19 |       |       |       ||    19
       Ring mail         |    21 |    77 |       |       ||    98
       Plate armour      |       |    19 |   394 |   604 ||  1017
Dodge: Dodged            |    81 |   156 |   267 |   370 ||   874
